Map: Lerilak Crest

Players

Wirt - Winner!

  • Race: Terran Terran

Bop

  • Race: Zerg Zerg

VOD

Have the link to the VOD?

Description

Time

  • Played on: May 1, 2015, 12:16 a.m.
  • Length: 7:02
Show
View Real Time Build Order
Export as new Build Order

Wirt Terran - Winner!

Build Orders: Command Center First (CC) 

Get SALT Encoding   

  12  0:01  SCV  
  13  0:13  SCV  
  14  0:17  Supply Depot  
  14  0:25  SCV  
  15  0:39  SCV  
  16  0:51  SCV  
  17  1:04  SCV  
  18  1:08  Command Center  
  18  1:22  SCV  
  18  1:24  Barracks  
  19  1:26  Refinery  
  19  1:33  Engineering Bay  
  19  1:37  SCV  
  20  1:55  SCV  
  20  1:58  Supply Depot  
  21  2:04  Refinery  
  21  2:14  Marine  
  22  2:17  Bunker  
  22  2:21  Orbital Command  
  22  2:27  Orbital Command  
  22  2:33  Marine  
  23  2:42  Factory  
  23  2:52  Barracks Tech Lab  
  23  2:56  SCV  
  24  3:03  SCV  
  25  3:09  Orbital Command  
  25  3:11  Marauder  
  27  3:14  Bunker  
  26  3:27  Widow Mine  
  26  3:32  Marauder  
  28  3:40  SCV  
  30  3:41  SCV  
  30  3:46  Starport  
  30  3:54  Orbital Command  
  30  3:56  Marauder  
  30  3:58  Factory Tech Lab  
  32  4:07  Supply Depot  
  32  4:10  SCV  
  33  4:18  Siege Tank  
  33  4:23  Starport Tech Lab  
  36  4:25  Supply Depot, SCV  
  36  4:26  SCV  
  38  4:36  Marine  
  38  4:38  SCV  
  40  4:40  SCV  
  41  4:46  Banshee  
  41  4:50  SCV  
  41  4:51  Cloaking Field  
  44  4:55  SCV  
  44  5:02  SCV  
  45  5:13  SCV  
  47  5:14  SCV, Barracks  
  47  5:15  Barracks  
  47  5:21  Supply Depot  
  47  5:25  SCV  
  48  5:32  Viking  
  48  5:35  Marauder  
  52  5:37  SCV  
  52  5:38  Orbital Command  
  53  5:49  Command Center, SCV  
  54  5:52  Engineering Bay  
  54  6:01  SCV  
  55  6:05  SCV  
  55  6:10  Refinery  
  56  6:13  SCV  
  56  6:17  SCV  
  55  6:25  Barracks Reactor, Barracks Tech Lab, SCV  
  52  6:29  SCV, Barracks  
  52  6:38  SCV  
  53  6:41  SCV  
  54  6:50  SCV  
  56  6:55  Refinery  
Show
View Real Time Build Order
Export as new Build Order

Bop Zerg 

Build Orders: Pool First 

Get SALT Encoding   

  12  0:01  Drone  
  13  0:11  Drone, Extractor  
  13  0:31  Spawning Pool  
  13  0:32  Drone  
  13  0:38  Drone  
  14  0:47  Extractor  
  14  0:48  Drone  
  15  1:05  Overlord  
  15  1:20  Metabolic Boost, Roach Warren  
  14  1:33  Queen  
  16  1:59  Roach  
  16  2:00  Roach x2  
  22  2:12  Overlord  
  22  2:34  Zergling x2  
  22  2:35  Zergling x2  
  24  2:42  Zergling x8  
  28  2:53  Ravager x2  
  30  3:01  Extractor  
  29  3:06  Ravager  
  29  3:09  Overlord  
  31  3:18  Overlord  
  28  3:31  Zergling x10  
  27  3:46  Zergling x2  
  28  3:57  Zergling x2  
  29  4:23  Drone x5  
  29  4:24  Drone  
  35  4:30  Hatchery  
  34  4:34  Overlord  
  34  4:44  Drone  
  35  4:45  Extractor  
  34  5:00  Drone x5  
  34  5:05  Baneling Nest  
  38  5:11  Queen  
  38  5:13  Drone  
  41  5:33  Hatchery  
  40  5:39  Evolution Chamber  
  40  5:41  Evolution Chamber  
  38  5:48  Lair  
  37  5:57  Drone x4  
  41  6:05  Overlord  
  40  6:15  Spore Crawler  
  40  6:16  Spore Crawler  
  37  6:32  Spore Crawler  
  23  6:49  Drone x4  
Tags
 
Add a new tag
Caveats
  • Supply blocks, unpowered buildings, or Contaminate may cause inaccurate times.
  • Supply counts are checked every 10 seconds.